 Dungeon Crawl Stone Soup version 0.19-a0-1815-g4007336 (webtiles) character file.

116 Aziraphale the Shield-Bearer (level 4, 35/35 HPs)
             Began as a Demonspawn Fighter on Oct 5, 2016.
             Quit the game on level 3 of the Dungeon.
             The game lasted 00:05:04 (2090 turns).

Aziraphale the Shield-Bearer (Demonspawn Fighter)   Turns: 2090, Time: 00:05:05

Health: 35/35      AC:  6    Str: 14 (17) XL:     4   Next: 70%
Magic:  4/4        EV:  9    Int:  8 (9)  God:
Gold:   68         SH:  4    Dex: 10 (13) Spells: 0 memorised, 3 levels left

rFire  . . .     SeeInvis .     a - +0 war axe
rCold  . . .     Gourm    .     b - +0 scale mail
rNeg   . . .     Faith    .     t - -1 buckler (curse)
rPois  .         Spirit   .     (helmet restricted)
rElec  .         Dismiss  .     (no cloak)
rCorr  .         Reflect  .     (no gloves)
MR     .....     Harm     .     (no boots)
Stlth  ..........               (no amulet)
                                (no ring)
                                (no ring)

@: no status effects
A: beak, talons 1, mutation resistance 1, powered by pain 1, regeneration 1
a: no special abilities


You were on level 3 of the Dungeon.
You were not hungry.

You visited 1 branch of the dungeon, and saw 3 of its levels.

You collected 68 gold pieces.

Inventory:

Hand Weapons
 a - a +0 war axe (weapon)
 e - a +2 dagger of venom
 m - a cursed -1 dagger
Missiles
 u - 11 poisoned needles
Armour
 b - a +0 scale mail (worn)
 c - a +0 shield
 t - a cursed -1 buckler (worn)
Jewellery
 i - an uncursed ring of stealth {unknown}
 o - a +3 amulet of reflection {unknown}
Scrolls
 g - 3 scrolls of enchant weapon {unknown}
 j - a scroll of remove curse {unknown}
 n - a scroll of magic mapping {unknown}
 p - a scroll of identify {unknown}
 r - a scroll of teleportation {unknown}
Potions
 d - 2 potions of might
 l - a potion of lignification
 s - a potion of magic
Comestibles
 f - 3 bread rations
 h - 20 chunks of flesh
 k - a slice of pizza


   Skills:
 - Level 3.0 Fighting
 - Level 1.7 Axes
 - Level 2.6 Armour
 + Level 5.0 Shields


You had 3 spell levels left.
You didn't know any spells.

Dungeon Overview and Level Annotations

Branches:
Dungeon (3/15)

Altars:
Kikubaaqudgha
Nemelex Xobeh


Innate Abilities, Weirdness & Mutations

You have sharp toenails.
You sometimes gain a little power by taking damage.
You have a beak for a mouth.
You are somewhat resistant to further mutation.
Your natural rate of healing is unusually fast.


Message History

h - 12 chunks of flesh (gained 3)
You butcher the goblin corpse.
h - 15 chunks of flesh (gained 3)
You butcher the hobgoblin corpse.
h - 18 chunks of flesh (gained 3)
You butcher the goblin corpse.
h - 21 chunks of flesh (gained 3)
Items here: ))) ÷ an enchanted dagger; a club x2; a hobgoblin skeleton
Items here: ))) ÷ an enchanted dagger; a club x2; a hobgoblin skeleton
m - an enchanted dagger You start resting.
Eating one of 21 chunks of flesh.
You start eating one of the 21 chunks of flesh.
You continue eating. x2
You finish eating.
This raw flesh tastes terrible.
You feel a little less mighty now.
You start resting.
HP restored.
Are you sure you want to abandon this character and quit the game? (Confirm with "yes".)

#.......
####......
..........
.........#
.........#
.........#
........)######
.......).)....#
.......)@.....#
#......).)....#
..####........#
#.....<..#
....########
###. #. #.


There were no monsters in sight!

Vanquished Creatures
  Robin (D:3)
  3 adders (D:2)
  A worm (D:2)
  3 dart slugs
  A leopard gecko (D:2)
  4 giant cockroaches
  14 goblins
  10 hobgoblins
  6 jackals (D:1)
  A quokka (D:2)
  7 bats
  4 kobolds
  10 rats
65 creatures vanquished.

Notes
Turn   | Place    | Note
-------+----------+-------------------------------------------
     0 | D:1      | Aziraphale the Demonspawn Fighter began the quest for the Orb.
     0 | D:1      | Reached XP level 1. HP: 18/18 MP: 1/1
    71 | D:1      | Reached skill level 3 in Shields
   111 | D:1      | Gained mutation: You sometimes gain a little power by taking damage. [demonic ancestry]
   111 | D:1      | Reached XP level 2. HP: 22/24 MP: 2/2
   677 | D:1      | Gained mutation: You have sharp toenails. [demonic ancestry]
   677 | D:1      | Reached XP level 3. HP: 21/29 MP: 3/3
  1160 | D:2      | Reached skill level 4 in Shields
  1308 | D:2      | Reached XP level 4. HP: 26/35 MP: 4/4
  1549 | D:2      | Found a sparkling altar of Nemelex Xobeh.
  1797 | D:2      | Found an ancient bone altar of Kikubaaqudgha.
  1997 | D:3      | Noticed Robin
  2009 | D:3      | Gained mutation: You have a beak for a mouth. [potion of mutation]
  2009 | D:3      | Gained mutation: Your natural rate of healing is unusually fast. [potion of mutation]
  2009 | D:3      | Gained mutation: You are somewhat resistant to further mutation. [potion of mutation]
  2050 | D:3      | Killed Robin
  2050 | D:3      | Reached skill level 5 in Shields
  2090 | D:3      | Quit the game

Vault maps used:
D:1:      mushboom_english_gardens
D:2:      nemelex_xobeh_ov_fountains_minmay, lemuel_round_altar,
          grunt_ministairs_15
D:3:      uniq_iyjb, uniq_sigmund, uniq_robin

Skill      XL: |  1  2  3  4 |
---------------+-------------+-----
Shields        | 3 4 5 |  5.0
Fighting       | |  3.0
Axes           | |  1.7
Armour         | |  2.6

Action                   |  1- 3 |  4- 6 || total
-------------------------+-------+-------++-------
Melee: War axe           |   146 |    43 ||   189
       Kick              |    22 |     6 ||    28
  Use: Potion            |       |     6 ||     6
  Eat: Chunk             |     2 |     2 ||     4
Armor: Scale mail        |   102 |    29 ||   131
       Skin              |       |    40 ||    40
Dodge: Dodged            |    64 |    29 ||    93
Block: Shield            |    95 |    14 ||   109
       Buckler           |       |    13 ||    13
